cohdb
Replays
Latest Replays
All Replays
Popular Replays
Top Player Replays
Match Explorer
How It Works
Community
CoH3 Stats
Reddit
Sign in to upload your games and track your stats! →
Sign in with Steam
Match 40915224
Unlisted
Match 40915224
Overview
Messages
Build Orders
End
Pioneer Squad
Pioneer Squad
Pioneer Squad
Pioneer Squad
Pioneer Squad
Pioneer Squad
Pioneer Squad
Construct Infanterie Kompanie
Construct Luftwaffe Kompanie
Selects Breakthrough Battlegroup
Selects Breakthrough Battlegroup
Selects Assault Grenadiers
Selects Rapid Production
221 Scout Car
Jäger Squad
Medical Bunker
Jäger Squad
Support Elements
Selects Breakthrough
Breakthrough
Wirbelwind Flakpanzer
Selects Mechanized Assault Group
Mechanized Assault Group
Jäger Squad
Breakthrough
Wirbelwind Flakpanzer
Selects Blitzkrieg
Wirbelwind Flakpanzer
Marder III M Tank Destroyer
N
Monsieur Nathan
0
0
Comments
sign in to comment!
No comments posted yet!